 Dungeon Crawl Stone Soup version 0.22.1-1-ga44c0e5 (webtiles) character file.

36 Benis312 the Firebug (level 3, -1/26 HPs)
             Began as a Draconian Fire Elementalist on Oct 27, 2018.
             Slain by a gnoll
             ... wielding a +0 halberd
              (12 damage)
             ... on level 2 of the Dungeon.
             The game lasted 00:03:51 (876 turns).

Benis312 the Firebug (Draconian Fire Elementalist)   Turns: 876, Time: 00:03:52

Health: -1/26      AC:  5    Str: 10    XL:     3   Next: 19%
Magic:  3/6        EV: 12    Int: 16    God:
Gold:   47         SH:  0    Dex: 11    Spells: 5/6 levels left

rFire    . . .     SeeInvis .   f - -2 short sword (curse)
rCold    . . .     Gourm    .   (no shield)
rNeg     . . .     Faith    .   (armour unavailable)
rPois    .         Spirit   .   (helmet restricted)
rElec    .         Reflect  .   (no cloak)
rCorr    .         Harm     .   (no gloves)
MR       .....                  (no boots)
Stlth    ++........             (no amulet)
HPRegen  0.08/turn              (no ring)
MPRegen  0.10/turn              (no ring)

@: no status effects
A: unfitting armour, cold-blooded, AC +5
a: no special abilities


You were on level 2 of the Dungeon.
You were not hungry.

You visited 1 branch of the dungeon, and saw 2 of its levels.

You collected 47 gold pieces.

Inventory:

Hand Weapons
 a - a +0 dagger
 f - a cursed -2 short sword (weapon)
 i - a +0 short sword
Scrolls
 c - a scroll of identify {unknown}
Potions
 d - a potion of brilliance {unknown}
 e - a potion of mutation {unknown}
 g - a potion of lignification {unknown}
 h - a potion of degeneration {unknown}
Comestibles
 b - a ration


   Skills:
 + Level 0.1 Short Blades
 + Level 2.0 Dodging
 + Level 1.9 Stealth
 + Level 2.3 Spellcasting
 + Level 1.2 Conjurations
 + Level 3.7 Fire Magic


You had 5 spell levels left.
You knew the following spells:

 Your Spells              Type           Power        Failure   Level  Hunger
a - Flame Tongue          Conj/Fire      #....        8%          1    #......

Your spell library contained the following spells:

 Spells                   Type           Power        Failure   Level  Hunger
 Throw Flame              Conj/Fire      #.....       11%         2    ###....
 Conjure Flame            Conj/Fire      #.......     22%         3    ###....
 Inner Flame              Hex/Fire       #.......     28%         3    ###....
 Sticky Flame             Conj/Fire      #.......     58%         4    #####..
 Fireball                 Conj/Fire      #.........   90%         5    ######.


Dungeon Overview and Level Annotations

Branches:
Dungeon (2/15)

Altars:


Innate Abilities, Weirdness & Mutations

Your plain brown scales are hard. (AC +5)
You cannot fit into any form of body armour.
You are cold-blooded and may be slowed by cold attacks.


Message History

Press: ? - help, Shift-Dir - straight line, f/p - gnoll
Aim: a gnoll, wielding a halberd The flame tongue hits the rat.
You kill the rat!
The gnoll closely misses you. The gnoll hits you but does no damage.
The gnoll barely misses you.
You hit the gnoll but do no damage. The gnoll barely misses you.
The gnoll misses you.
Casting: Flame Tongue (safe; 8% risk of failure)
Confirm with . or Enter, or press ? or * to list all spells.
Aiming: Flame Tongue (safe; 8% risk of failure)
Press: ? - help, Shift-Dir - straight line, f/p - gnoll
Aim: a gnoll, wielding a halberd The flame tongue hits the gnoll.
The gnoll is heavily wounded.
The gnoll hits you but does no damage. The gnoll hits you with a halberd!
The gnoll hits you from afar with a spear!
The gnoll hits you from afar with a halberd!
You die...

###
...........
#....#.##.#
#......##.#
#......##.#
#......##.#
##......##.#
........##@#
#......##.##
...#....gg..#
##.#...)##.##
........##.##
............#
.#.#..#.##.##
...........#
............


You could see a gnoll.

Vanquished Creatures
  A gnoll (D:2)
  2 oozes (D:1)
  A dart slug (D:1)
  A leopard gecko (D:1)
  A giant cockroach (D:1)
  2 goblins (D:1)
  A hobgoblin (D:1)
  A jackal (D:1)
  A bat (D:1)
  A frilled lizard (D:1)
  2 kobolds (D:1)
  A rat (D:2)
15 creatures vanquished.

Notes
Turn   | Place    | Note
-------+----------+-------------------------------------------
     0 | D:1      | Benis312 the Draconian Fire Elementalist began the quest
                  | for the Orb.
     0 | D:1      | Reached XP level 1. HP: 14/14 MP: 3/3
   125 | D:1      | Reached XP level 2. HP: 19/20 MP: 3/5
   726 | D:2      | Reached XP level 3. HP: 15/26 MP: 0/6
   876 | D:2      | Slain by a gnoll

Skill      XL: |  1  2 |
---------------+-------+-----
Dodging        | 2 |  2.0
Short Blades   | |  0.1
Stealth        | |  1.9
Spellcasting   | |  2.3
Conjurations   | |  1.2
Fire Magic     | |  3.7

Action                   || total
-------------------------++-------
Melee: Dagger            ||    14
       Tailslap          ||     3
       Short sword       ||    23
 Cast: Flame Tongue      ||    25
  Use: Scroll            ||     1
Armor: Skin              ||    13
Dodge: Dodged            ||    49
